 Dungeon Crawl Stone Soup version 0.28.0-45-g0d030f2227 (webtiles) character file.

Game seed: 3713431933075024783

100 101zpm the Magician (level 5, -6/35 HPs)
             Began as a Djinni Ice Elementalist on Apr 13, 2022.
             Shot with an arrow by a centaur (10 damage)
             ... on level 5 of the Dungeon.
             The game lasted 00:09:45 (4322 turns).

101zpm the Magician (Djinni Ice Elementalist)       Turns: 4322, Time: 00:09:45

Health: -6/35      AC:  4    Str:  7    XL:     5   Next: 3%
Gold:   127        EV: 12    Int: 24    God:
                   SH:  0    Dex: 13

rFire   + + +      SeeInvis +   o - +7 hunting sling "Grim Tooth" {freeze, rF+ Int+5 SInv}
rCold   x . .      Faith    .   (no shield)
rNeg    . . .      Spirit   .   a - +0 robe
rPois   ∞          Reflect  .   (no helmet)
rElec   .          Harm     .   p - +1 cloak
rCorr   .          Rampage  .   (no gloves)
Will    .....                   (boots unavailable)
Stlth   ++........              (no amulet)
HPRegen 0.11/turn               i - ring of see invisible
MPRegen 0.00/turn               (no ring)

@: freezing walls, flying
A: sickness immunity, fire resistance 2, cold vulnerability 1, float, innate
caster, HP casting, extra vitality 1
a: no special abilities


You were on level 5 of the Dungeon.
You visited 1 branch of the dungeon, and saw 5 of its levels.

You collected 127 gold pieces.

Inventory:

Hand Weapons
 o - the +7 hunting sling "Grim Tooth" (weapon) {freeze, rF+ Int+5 SInv}
   (You found it on level 4 of the Dungeon)

   Any ammunition fired from it freezes those it strikes, dealing additional
   cold damage.
   It can also slow down cold-blooded creatures.
   Int:       It affects your intelligence (+5).
   rF:        It protects you from fire.
   SInv:      It lets you see invisible.
Missiles
 m - 6 poisoned darts
 n - 129 stones (quivered ammo)
Armour
 a - a +0 robe (worn)
 p - a +1 cloak (worn)
Jewellery
 i - a ring of see invisible (left hand)
Scrolls
 d - a scroll of holy word {unknown}
 e - 2 scrolls of immolation {unknown}
 g - 2 scrolls of enchant weapon {unknown}
 h - a scroll of vulnerability {unknown}
 k - 2 scrolls of identify {unknown}
 l - a scroll of enchant armour {unknown}
Potions
 b - a potion of curing {unknown}
 c - a potion of heal wounds {unknown}
 f - 3 potions of mutation {unknown}
 j - a potion of haste {unknown}


   Skills:
 + Level 2.7 Dodging
 + Level 2.1 Stealth
 + Level 4.3 Spellcasting


You couldn't memorise any spells.
You knew the following spells:

 Your Spells              Type           Power      Damage    Failure   Level
a - Freeze                Ice            100%       1d11      1%          1
b - Frozen Ramparts       Ice            52%        1d7       4%          3
c - Ozocubu's Armour      Ice            26%        N/A       4%          3
d - Hailstorm             Conj/Ice       26%        3d7       16%         4
e - Sting                 Tmut/Pois      100%       1d8       1%          1
f - Corpse Rot            Necr/Air       52%        N/A       2%          2
Your spell library was empty.

Dungeon Overview and Level Annotations

Branches:
Dungeon (5/15)
 Temple: D:4-7

Altars:

Annotations:
D:2 1 runed translucent door, Crazy Yiuf
D:3 Grinder


Innate Abilities, Weirdness & Mutations

You are immune to sickness and miasma.
You are immune to poison.
Your flesh is very heat resistant. (rF++)
You are vulnerable to cold. (rC-)
You float through the air rather than walking.
You learn spells naturally, not from books.
Your magical power is your life essence.
You have superior vitality. (+4 MHP)


Message History

A centaur comes into view.
The centaur wields a +0 shortbow.
The centaur shoots an arrow.
The arrow hits you.
The centaur shoots an arrow.
The arrow hits you.
You see here a stone.
Casting: Freeze (safe; 1% risk of failure)
Confirm with . or Enter, or press ? or * to list all spells.
Casting: Frozen Ramparts (dangerous; 4% risk of failure)
Press: ? - help, Dir - look around, f - activate The walls around you are covered in ice.
The centaur shoots an arrow.
The arrow closely misses you.
Aiming: Freeze (safe; 1% risk of failure)
Press: ? - help, Q - select action, (/) - cycle Shift-Dir - straight line, f - you
Okay, then.
Casting: Freeze (safe; 1% risk of failure)
Confirm with . or Enter, or press ? or * to list all spells.
A film of ice covers your body!
The centaur shoots an arrow.
The arrow barely misses you.
The centaur shoots an arrow.
The arrow barely misses you.
i - a ring of see invisible (left hand)
Casting: Ozocubu's Armour (dangerous; 4% risk of failure)
Confirm with . or Enter, or press ? or * to list all spells.
Your icy armour thickens.
The centaur shoots an arrow.
The arrow hits you.
The centaur shoots an arrow.
The arrow barely misses you.
The centaur shoots an arrow.
The arrow hits you!
* * * LOW HITPOINT WARNING * * *
Your icy armour and frozen ramparts will break if you move.
Continue?
Your icy armour cracks and falls away as you move.
The frozen ramparts melt away as you move.
Okay, then.
Casting: Ozocubu's Armour (dangerous; 4% risk of failure)
Confirm with . or Enter, or press ? or * to list all spells.
You can't see any susceptible monsters within range! (Use Z to cast anyway.)
Casting: Ozocubu's Armour (dangerous; 4% risk of failure)
Confirm with . or Enter, or press ? or * to list all spells.
Casting: Frozen Ramparts (dangerous; 4% risk of failure)
Press: ? - help, Dir - look around, f - activate The walls around you are covered in ice.
* * * LOW HITPOINT WARNING * * *
The wall freezes the centaur.
The centaur shoots an arrow.
The arrow hits you!
You die...

#.#
#####.#####.
###
.............
..#
#.....##.######
#.# #
#.....##.# ...
#.#.#
#........# #.#
#.#.#
#....###.# #.#
#... #....#
#.####.###.#
#....#
#......†.@.#
####.#
#.##.#####(#
#.#
#.##.#c....#
#..
.....#####c#
#####.#### #.#
#.# #.# #.# #+#
#.#


You could see a centaur.

Vanquished Creatures
  An adder (D:3)
  A worm (D:3)
  4 dart slugs
  5 orcs (D:3)
  9 ball pythons
  4 bats
  An endoplasm (D:3)
  3 giant cockroaches
  2 goblins
  11 hobgoblins
  7 jackals
  6 quokkas
  2 frilled lizards
  4 kobolds (D:2)
  7 rats
67 creatures vanquished.

Notes
Turn   | Place    | Note
-------+----------+-------------------------------------------
     0 | D:1      | 101zpm the Djinni Ice Elementalist began the quest for the
                  | Orb.
     0 | D:1      | Reached XP level 1. HP: 15/15 MP: 0/0
   324 | D:2      | Found a runed translucent door.
   325 | D:2      | Noticed Crazy Yiuf
   351 | D:2      | Reached XP level 2. HP: 20/21 MP: 0/0
   832 | D:2      | Reached XP level 3. HP: 23/25 MP: 0/0
   832 | D:2      | Learned a level 1 spell: Sting
  1614 | D:3      | Reached skill level 4 in Spellcasting
  2001 | D:3      | Reached XP level 4. HP: 18/31 MP: 0/0
  2520 | D:3      | Noticed Grinder
  3328 | D:1      | Found a faded altar of an unknown god.
  4210 | D:4      | Identified the +7 hunting sling "Grim Tooth" {freeze, rF+
                  | Int+5 SInv}
  4218 | D:5      | Entered Level 5 of the Dungeon
  4253 | D:5      | Reached XP level 5. HP: 35/35 MP: 0/0
  4253 | D:5      | Learned a level 2 spell: Corpse Rot
  4314 | D:5      | Noticed a centaur
  4322 | D:5      | Shot with an arrow by a centaur

Illustrated notes

Levels and vault maps discovered:
D:1:      grunt_arrival_lava_bath, layout_rooms,
          ebering_ecumenical_altar_abandoned
D:2:      layout_basic, uniq_crazy_yiuf_cottage
D:3:      minmay_angry_zag, layout_loops_ring, minmay_statues_item, uniq_grinder
D:4:      layout_loops_ring, minmay_temple_entry_statues_fountains,
          serial_shops, shop_fountains, ebering_ghost_disaster_area,
          nicolae_shop_unique_rings, guppyfry_early_orc_mine
D:5:      layout_basic, mainiacjoe_overflow_concentric_impassable,
          minmay_misc_feat_ornament

Skill      XL: |  1  2  3  4 |
---------------+-------------+-----
Spellcasting   | 4 |  4.3
Stealth        | 2 |  2.1
Dodging        | |  2.7

Action                   |  1- 3 |  4- 6 || total
-------------------------+-------+-------++-------
Melee: Unarmed           |     4 |     2 ||     6
 Fire: Hunting sling     |       |     4 ||     4
 Cast: Freeze            |    51 |    25 ||    76
       Frozen Ramparts   |     3 |    13 ||    16
       Ozocubu's Armour  |     1 |     3 ||     4
       Sting             |       |     7 ||     7
Armor: Robe              |     5 |    10 ||    15
Dodge: Dodged            |    19 |    36 ||    55
